[Event "Live Chess"]
[Site "Chess.com"]
[Date "2024.06.02"]
[Round "-"]
[White "Duke_of_Bebington"]
[Black "ameetghasi100"]
[Result "0-1"]
[WhiteElo "1664"]
[BlackElo "2792"]
[TimeControl "300"]
[EndTime "1:45:43 PDT"]
[Termination "ameetghasi100 won by resignation"]

1. e4 g6 2. d4 d6 3. Bd3 Bg7 4.
Ne2 a6 5. Be3 e6 6. Qd2 Ne7 7.
Nbc3 h6 8. f3 Nd7 9. O-O-O b5 10. Kb1 Bb7 11. a3 Nb6 12. h4 Qd7 13. b4 d5 14. Qc1 Nc4 15. Bxc4 bxc4 16. exd5 Nxd5 17. Ne4 a5 18. Nc5 Qb5 19. Nxb7 Qxb7 20. Qb2 Nxe3 21. Nc3 axb4 22. axb4 Nd5 0-1

[Event "Live Chess"]
[Site "Chess.com"]
[Date "2024.06.02"]
[Round "-"]
[White "JanMur7"]
[Black "NottheBishopSacrifice"]
[Result "0-1"]
[WhiteElo "2273"]
[BlackElo "2325"]
[TimeControl "300"]
[EndTime "1:46:17 PDT"]
[Termination "NottheBishopSacrifice won by resignation"]

1. c4 e6 2. Nc3 d5 3. d4 Nf6 4.
Bg5 dxc4 5. e3 c5 6. dxc5 Bxc5 7. Qxd8+ Kxd8 8. Bxc4 Ke7 9. O-O-O a6 10. Ne4 Ba7 11. Nxf6 gxf6 12. Bf4 e5 13. Bg3 Be6 14. Bxe6 Kxe6 15.
e4 Nc6 16. Ne2 Rac8 17. Kb1 h5 18. f3 Nd4 19. Nxd4+ Bxd4 20. Rc1 f5 21. exf5+ Kxf5 22. Rxc8 Rxc8 23. Rc1 Rxc1+ 24. Kxc1 e4 25. fxe4+ Kxe4 26. Kd2 Bxb2 27. a4 b5 28. axb5 axb5 29. Bd6 Be5 30.
Bb4 Bxh2 31. Ke2 Be5 32. Kf2 f6 33. Ke2 Kd5 34. Kf3 Kc4 35. Bd2 b4 36. Ke4 b3 37.
Bc1 b2 38. Bxb2 Bxb2 39. Kf5 Be5 40. Kg6 h4 41. Kh5 Bg3 42. Kg6 Kd4 43. Kxf6 Ke3 0-1

[Event "Live Chess"]
[Site "Chess.com"]
[Date "2024.06.02"]
[Round "-"]
[White "Bradfield133"]
[Black "Tunyk_Vladyslav"]
[Result "0-1"]
[WhiteElo "1883"]
[BlackElo "2401"]
[TimeControl "300"]
[EndTime "1:46:31 PDT"]
[Termination "Tunyk_Vladyslav won by resignation"]

1. c4 e6 2. e4 d5 3. exd5 exd5 4. d4 c6 5. Nc3 Nf6 6. Nf3 Bd6 7. Bd3 dxc4 8.
Bxc4 O-O 9. O-O Bg4 10. Be3 Nbd7 11. h3 Bh5 12. g4 Bg6 13. Re1 Nb6 14. Bb3 Nbd5 15. Ne5 Nxc3 16. bxc3 Bxe5 17. dxe5 Ne4 18. f4 h5 19. f5 Bh7 20. Qf3 Ng5 21. Bxg5 Qxg5 22. e6 fxe6 23. Rxe6 Kh8 24. Qe3 Qh4 25. Qf2 Qxh3 26. Re3 Qxg4+ 27. Rg3 Qxf5 28. Qd4 Qf6 29. Re1 Qxd4+ 30. cxd4 Rae8 31. Rxe8 Rxe8 32. Rg5 g6 33. Bf7 Rf8 0-1

[Event "Live Chess"]
[Site "Chess.com"]
[Date "2024.06.02"]
[Round "-"]
[White "JohanKjeldahl"]
[Black "jimwad"]
[Result "1-0"]
[WhiteElo "1817"]
[BlackElo "1303"]
[TimeControl "300"]
[EndTime "1:46:36 PDT"]
[Termination "JohanKjeldahl won by resignation"]

1. e4 e5 2. Nf3 Nc6 3. d4 d6 4.
Bc4 Nf6 5. dxe5 Nxe5 6. Nxe5 dxe5 7. Bxf7+ Ke7 8. Qxd8+ Kxd8 9. Nc3 Bd6 10. O-O Rf8 11.
Bb3 c6 12. Bg5 Kc7 13. Rad1 Be6 14. Bxe6 1-0

[Event "Live Chess"]
[Site "Chess.com"]
[Date "2024.06.02"]
[Round "-"]
[White "LL220284LL"]
[Black "Cimon"]
[Result "1-0"]
[WhiteElo "2499"]
[BlackElo "1815"]
[TimeControl "300"]
[EndTime "1:46:50 PDT"]
[Termination "LL220284LL won on time"]

1. g3 g6 2. Bg2 Nf6 3. Nf3 Bg7 4. O-O O-O 5. b3 d6 6. Bb2 e5 7. d3 Nc6 8. c4 Bg4 9. Nbd2 Qd7 10. Re1 Bh3 11.
Bh1 Rae8 12. e3 d5 13. cxd5 Nxd5 14. Ne4 b6 15. Rc1 Bg4 16. a3 h6 17. Qc2 Nce7 18.
Nxe5 Bxe5 19. Bxe5 c5 20. Nf6+ Nxf6 21. Bxf6 Nd5 22.
Bb2 f6 23. Qc4 Be6 24. Qh4 Kg7 25. Qa4 Qxa4 26. bxa4 a5 27. d4 Rc8 28. dxc5 bxc5 29. Red1 Nb6 30. Bc3 Nxa4 31. Bxa5 Bb3 32. Rd7+ Rf7 33.
Rxf7+ Kxf7 34. Bf3 c4 35. Bb4 Ke6 36. Kf1 Nb2 37. Be2 Na4 38. Ke1 c3 39. Bd1 Bxd1 40. Kxd1 Kd5 41. Kc2 Kc4 42. Rd1 f5 43. Rd4+ Kb5 44.
Rd6 Rc6 45. Rd5+ Kb6 46. Rd3 g5 47. Rd5 f4 48. gxf4 gxf4 49. exf4 Rf6 50. f5 h5 51. Ra5 Nb2 52. Bxc3 Nc4 53. Bxf6 Nxa5 54. Bd8+ 1-0

[Event "Live Chess"]
[Site "Chess.com"]
[Date "2024.06.02"]
[Round "-"]
[White "silunn"]
[Black "NAZRIZ1977"]
[Result "1-0"]
[WhiteElo "2211"]
[BlackElo "2124"]
[TimeControl "300"]
[EndTime "1:46:52 PDT"]
[Termination "silunn won by resignation"]

1. e4 d6 2. d4 Nf6 3. Nc3 Nbd7 4.
Nf3 e5 5. dxe5 dxe5 6. Bc4 h6 7.
Be3 c6 8. h3 Be7 9. Qe2 Qc7 10.
O-O Nf8 11. a4 g5 12. Nh2 Ng6 13. Rad1 Rg8 14. Ng4 Nxg4 15. hxg4 Nf4 16. Qf3 Bd7 17. g3 Qc8 18. Rxd7 Qd8 19. Rxd8+ 1-0

[Event "Live Chess"]
[Site "Chess.com"]
[Date "2024.06.02"]
[Round "-"]
[White "uselessduffer"]
[Black "KeithArkell"]
[Result "1/2-1/2"]
[WhiteElo "2381"]
[BlackElo "2396"]
[TimeControl "300"]
[EndTime "1:47:02 PDT"]
[Termination "Game drawn by repetition"]

1. e4 c6 2. Nc3 d5 3. Nf3 Bg4 4. h3 Bxf3 5. Qxf3 dxe4 6. Nxe4 Nd7 7. d4 Ndf6 8. c3 Nxe4 9. Qxe4 Nf6 10. Qf3 e6 11.
Be2 Be7 12. a4 a5 13. O-O O-O 14. Be3 Nd5 15. Bc4 Bg5 16. Bxd5 cxd5 17. Bxg5 Qxg5 18. Qe3 Qxe3 19. fxe3 Rfb8 20. b4 Rc8 21. Ra3 g5 22. Rb1 Rc4 23. bxa5 Rxa5 24. Rxb7 Rcxa4 25. Rxa4 Rxa4 26. Rb2 Ra3 27. Rc2 Kg7 28. Kf2 Ra4 29. Ke2 Kg6 30. Kd3 Kf5 31. Rf2+ Kg6 32. e4 h5 33.
e5 h4 34. Rf6+ Kg7 35. Rf2 Ra1 36. Ke3 Rd1 37. Ke2 Rg1 38. Kd3 Re1 39. Kd2 Re4 40.
Kd3 Rf4 41. Ke3 Rxf2 42. Kxf2 Kg6 43. g4 hxg3+ 44. Kxg3 Kh5 45. Kg2 Kh4 46. Kh2 g4 47.
hxg4 Kxg4 48. Kg2 Kf4 49. Kf2 Ke4 50. Ke2 Kf4 51. Kf2 Ke4 52. Ke2 Kf4 53. Kf2 1/2-1/2

[Event "Live Chess"]
[Site "Chess.com"]
[Date "2024.06.02"]
[Round "-"]
[White "Crowded_House"]
[Black "Ferrarifan27"]
[Result "0-1"]
[WhiteElo "1668"]
[BlackElo "2142"]
[TimeControl "300"]
[EndTime "1:47:19 PDT"]
[Termination "Ferrarifan27 won by resignation"]

1. d4 Nf6 2. Bg5 d5 3. e3 Bf5 4.
Bd3 Bxd3 5. Qxd3 c6 6. Nd2 e6 7. c3 Be7 8. Ngf3 O-O 9. O-O Nbd7 10. Rfe1 h6 11. Bh4 Re8 12. e4 dxe4 13. Nxe4 Nxe4 14. Bxe7 Nxf2 15. Kxf2 Qxe7 16. Re2 Rad8 17. Qc2 Qf6 18. Qe4 e5 19. dxe5 Nxe5 20. Qc2 Ng4+ 21. Kg1 Rxe2 22. Qxe2 Qd6 23. g3 Qc5+ 24. Kg2 Qe3 25. Qxe3 Nxe3+ 26.
Kf2 Nc4 27. b3 Nd2 28. Ke3 Nxf3 29. Kxf3 Rd3+ 30. Ke4 Rxc3 31. Rd1 Rc2 32. Rd8+ Kh7 33. Rd7 Rxh2 34. Rxf7 Rxa2 35. Rxb7 Kg6 36. Rc7 Ra6 37. Kd4 Rb6 38. Kc5 Rxb3 39. Rxc6+ Kg5 40. Ra6 Rxg3 41.
Rxa7 g6 42. Kd4 Rf3 43. Ke4 Rf5 44. Ra1 h5 45. Rg1+ Kf6 46. Rc1 h4 47. Rc6+ Kg5 48. Rc8 h3 49. Rh8 Kg4 50. Rh6 Rf4+ 51. Ke3 g5 52.
Ke2 Kg3 53. Rg6 g4 54. Rb6 h2 55. Rb1 Kg2 0-1

[Event "Live Chess"]
[Site "Chess.com"]
[Date "2024.06.02"]
[Round "-"]
[White "juniortay"]
[Black "Queensandpawns"]
[Result "1-0"]
[WhiteElo "2384"]
[BlackElo "2267"]
[TimeControl "300"]
[EndTime "1:47:21 PDT"]
[Termination "juniortay won by checkmate"]

1. e4 e5 2. Nc3 Nf6 3. f4 d5 4.
fxe5 Nxe4 5. d3 Nxc3 6. bxc3 c5 7.
Nf3 Nc6 8. Be2 Be6 9. O-O Be7 10.
Qe1 O-O 11. Qg3 Re8 12. Ng5 d4 13. Nxe6 fxe6 14. Bh5 Rf8 15. Bh6 Rxf1+ 16. Rxf1 Bf8 17. Rf7 Qb6 18. Rxg7+ Kh8 19. Rg8# 1-0

[Event "Live Chess"]
[Site "Chess.com"]
[Date "2024.06.02"]
[Round "-"]
[White "upoe610"]
[Black "chessgoatpawel"]
[Result "1-0"]
[WhiteElo "2194"]
[BlackElo "2057"]
[TimeControl "300"]
[EndTime "1:47:33 PDT"]
[Termination "upoe610 won by resignation"]

1. c4 Nf6 2. g3 g6 3. Bg2 Bg7 4.
Nf3 O-O 5. Nc3 d6 6. O-O e5 7. d4 Nbd7 8. e4 exd4 9. Nxd4 Re8 10.
Re1 Nc5 11. h3 Ne6 12. Nxe6 Bxe6 13. b3 Nxe4 14. Nxe4 Bxa1 15. Bg5 f6 16. Qxa1 fxg5 17. Nf6+ Kf7 18. Nxe8 Qxe8 19. Bd5 Bxd5 20. Rxe8 Rxe8 21.
cxd5 1-0

[Event "Live Chess"]
[Site "Chess.com"]
[Date "2024.06.02"]
[Round "-"]
[White "elephantgerrald"]
[Black "CarmelJane"]
[Result "0-1"]
[WhiteElo "852"]
[BlackElo "2049"]
[TimeControl "300"]
[EndTime "1:47:49 PDT"]
[Termination "CarmelJane won on time"]

1. e4 e5 2. Nf3 Nc6 3. Bc4 Bc5 4. O-O d6 5. Bd5 Nf6 6. Nc3 O-O 7. d3 h6 8. Bxh6 gxh6 9. Qd2 Kg7 10. Nh4 Nxd5 11. exd5 Qxh4 12. g3 Qg5 13. Qxg5+ hxg5 14. h4 Nd4 15.
Ne4 g4 16. Nxc5 dxc5 17. c3 Nf3+ 18. Kg2 Bf5 19. h5 Bxd3 20. Rfe1 Rh8 21. Re3 e4 0-1

[Event "Live Chess"]
[Site "Chess.com"]
[Date "2024.06.02"]
[Round "-"]
[White "RichardABates"]
[Black "seasidecastle27"]
[Result "1-0"]
[WhiteElo "2368"]
[BlackElo "1932"]
[TimeControl "300"]
[EndTime "1:48:17 PDT"]
[Termination "RichardABates won by resignation"]

1. d4 d5 2. c4 dxc4 3. e4 e5 4.
Nf3 exd4 5. Bxc4 Nc6 6. O-O Be7 7. Qb3 Nf6 8. e5 Ng4 9. Bxf7+ Kf8 10. Bf4 Na5 11.
Qd5 Qxd5 12. Bxd5 c6 13. Be4 Nc4 14. Nbd2 Nxb2 15. Rab1 Na4 16. h3 Nh6 17. g4 Nf7 18.
Bf5 b5 19. Rfc1 Bb7 20. Nxd4 Nc3 21. Rxc3 1-0

[Event "Live Chess"]
[Site "Chess.com"]
[Date "2024.06.02"]
[Round "-"]
[White "blunderabit"]
[Black "Vladyslav2008"]
[Result "0-1"]
[WhiteElo "1773"]
[BlackElo "2256"]
[TimeControl "300"]
[EndTime "1:48:30 PDT"]
[Termination "Vladyslav2008 won by resignation"]

1. e4 c5 2. Nf3 d6 3. d4 cxd4 4. Nxd4 Nf6 5. Nc3 a6 6. Bd3 e6 7. O-O b5 8. a3 Bb7 9. Kh1 Be7 10. f4 O-O 11. Qe2 Qc7 12. Be3 Nbd7 13. Rae1 Nc5 14.
Bg1 Rfd8 15. e5 dxe5 16. fxe5 Nd5 17. Qf3 Rf8 18. Bxh7+ Kxh7 19. Qh5+ Kg8 20. Rf3 Nf6 21. exf6 Bxf3 22. fxg7 Bxh5 23. gxf8=Q+ Bxf8 0-1

[Event "Live Chess"]
[Site "Chess.com"]
[Date "2024.06.02"]
[Round "-"]
[White "StoreySniper"]
[Black "Duke_of_Bebington"]
[Result "1-0"]
[WhiteElo "2501"]
[BlackElo "1664"]
[TimeControl "300"]
[EndTime "1:48:33 PDT"]
[Termination "StoreySniper won by resignation"]

1. e4 e5 2. Nc3 Nc6 3. g3 Bc5 4.
Bg2 Nf6 5. d3 d6 6. Nf3 h6 7.
O-O Be6 8. Na4 Bb6 9. Nxb6 axb6 10. a3 Qd7 11. Re1 Bh3 12. Bh1 O-O 13. d4 exd4 14.
Nxd4 Nxd4 15. Qxd4 c5 16. Qc3 Rad8 17. Bxh6 gxh6 18.
Qxf6 Qe6 19. Qh4 Rde8 20. f4 f5 21. Qxh3 Qc4 22. Bg2 Qxc2 23. exf5 Qxf5 24. Rxe8 1-0

[Event "Live Chess"]
[Site "Chess.com"]
[Date "2024.06.02"]
[Round "-"]
[White "MagnersCarlsberg2870"]
[Black "Dhaydon19"]
[Result "0-1"]
[WhiteElo "1805"]
[BlackElo "2639"]
[TimeControl "300"]
[EndTime "1:48:35 PDT"]
[Termination "Dhaydon19 won by resignation"]

1. d4 e6 2. Nd2 d5 3. e3 Nf6 4. Bd3 Nbd7 5. f4 b6 6. Ngf3 Bb7 7. Qe2 c5 8. c3 Bd6 9. O-O h5 10. h3 h4 11. Ne5 Nh5 12. Rf3 Ng3 13. Qf2 f5 14. Ng6 Rh6 15. Nxh4 Ne4 16. Bxe4 dxe4 17. Nxf5 exf5 18. Rg3 Qf6 19. Nc4 Bf8 20. Rg5 Rg6 21.
h4 Rxg5 22. hxg5 Qe6 23. Ne5 Nxe5 24. dxe5 Be7 25. Bd2 O-O-O 26. a4 a5 27. b4 axb4 28. a5 bxa5 29. Rxa5 b3 30. Be1 Rd1 31. Qe2 Qd6 32.
Kf2 Qd3 0-1

[Event "Live Chess"]
[Site "Chess.com"]
[Date "2024.06.02"]
[Round "-"]
[White "Eva3337"]
[Black "AlexanderMatlak"]
[Result "0-1"]
[WhiteElo "1181"]
[BlackElo "2408"]
[TimeControl "300"]
[EndTime "1:48:57 PDT"]
[Termination "AlexanderMatlak won by resignation"]

1. e4 c5 2. Nf3 d6 3. c3 Nf6 4. Bd3 g6 5. Bc2 Bg7 6. d3 O-O 7. O-O Nc6 8. Re1 b5 9. a3 a5 10. Be3 Bb7 11. Qd2 Re8 12. Bh6 Bh8 13. c4 b4 14. axb4 cxb4 15. b3 Nxe4 16. Rxe4 Bxa1 17.
d4 d5 18. Rh4 e5 19. Bg5 f6 20. Bh6 Nxd4 21. Nxd4 Bxd4 22. Rg4 Qd7 23. Rg3 Qf7 24. h4 f5 25. Qg5 Ra6 26. h5 e4 27. Qh4 a4 28.
bxa4 dxc4 29. Bf4 b3 30. Bd1 Rae6 31. hxg6 Rxg6 0-1

[Event "Live Chess"]
[Site "Chess.com"]
[Date "2024.06.02"]
[Round "-"]
[White "peteopeteo"]
[Black "raimundklein"]
[Result "0-1"]
[WhiteElo "1533"]
[BlackElo "1592"]
[TimeControl "300"]
[EndTime "1:49:01 PDT"]
[Termination "raimundklein won by checkmate"]

1. e4 c6 2. Nc3 d5 3. Nf3 Bg4 4. h3 Bh5 5. Be2 e6 6. exd5 cxd5 7. Nd4 Bxe2 8. Qxe2 Nc6 9. Nxc6 bxc6 10. d4 Nf6 11.
O-O Bd6 12. Bg5 O-O 13. Qf3 Be7 14. Ne2 Ne4 15. Bxe7 Qxe7 16. Qe3 Rab8 17. Rab1 Rb6 18. Nc3 Rfb8 19. Nxe4 dxe4 20. b3 f5 21. c4 a5 22.
Rfe1 a4 23. Qg3 Qa3 24. Qe5 axb3 25. axb3 Rxb3 26. Rxb3 Qxb3 27. Qxe6+ Kh8 28. Qxc6 h6 29. Qd5 Rf8 30. Qc5 Rf7 31. d5 Qc3 32. d6 Qxe1+ 33. Kh2 Qd2 34. Qc8+ Kh7 35. c5 Qf4+ 36. Kg1 Ra7 37.
g3 Ra1+ 38. Kg2 Qf3+ 39. Kh2 Qxf2# 0-1

[Event "Live Chess"]
[Site "Chess.com"]
[Date "2024.06.02"]
[Round "-"]
[White "Ferrarifan27"]
[Black "juniortay"]
[Result "0-1"]
[WhiteElo "2139"]
[BlackElo "2387"]
[TimeControl "300"]
[EndTime "1:49:07 PDT"]
[Termination "juniortay won by checkmate"]

1. e4 e5 2. Nf3 Nf6 3. Nxe5 Nc6 4.
Nxc6 dxc6 5. Nc3 Bc5 6. Be2 Qd4 7. O-O h5 8. h3 Ng4 9. hxg4 hxg4 10. Bxg4 Qe5 11. Bh3 Rxh3 12. gxh3 Qg3+ 13. Kh1 Qxh3+ 14. Kg1 Bg4 15. Ne2 Bf3 16. Nf4 Qh1# 0-1

[Event "Live Chess"]
[Site "Chess.com"]
[Date "2024.06.02"]
[Round "-"]
[White "AlanBstard10"]
[Black "ProfessorChess101"]
[Result "0-1"]
[WhiteElo "1213"]
[BlackElo "2727"]
[TimeControl "300"]
[EndTime "1:49:21 PDT"]
[Termination "ProfessorChess101 won by checkmate"]

1. b4 d5 2. Bb2 Nd7 3. a3 e5 4. e3 Ngf6 5. Be2 Bd6 6. c4 c6 7. cxd5 cxd5 8. Nf3 e4 9. Nd4 Ne5 10. Nc3 Bd7 11. Ncb5 Bb8 12. O-O Nfg4 13. Bxg4 Bxg4 14. Qa4 O-O 15. h3 Qh4 16. Kh2 Nf3+ 17. Kh1 Bxh3 18. Nxf3 exf3 19. Bxg7 Bxg2+ 20. Kg1 Bh2# 0-1

[Event "Live Chess"]
[Site "Chess.com"]
[Date "2024.06.02"]
[Round "-"]
[White "Step-S"]
[Black "GEMdzq"]
[Result "0-1"]
[WhiteElo "1271"]
[BlackElo "2301"]
[TimeControl "300"]
[EndTime "1:49:29 PDT"]
[Termination "GEMdzq won by checkmate"]

1. e4 Nf6 2. d4 Nxe4 3. f3 Nf6 4. Ne2 e6 5. c4 c5 6. d5 exd5 7. cxd5 d6 8. Nec3 g6 9. Be2 Bg7 10. O-O O-O 11. Bg5 h6 12. Bh4 Nbd7 13. Nd2 Ne5 14. Nde4 g5 15. Bg3 Nxe4 16. Nxe4 f5 17. Nc3 Bd7 18. f4 Ng6 19. fxg5 hxg5 20. Bh5 Rf6 21. Qd2 Bh6 22. Rae1 Qf8 23. Qc2 b5 24. a3 b4 25.
axb4 cxb4 26. Na2 Rc8 27. Qb3 a5 28. Re2 Bb5 29. Ref2 Bxf1 30. Rxf1 Ne7 31. Nxb4 axb4 32. Qxb4 f4 33. Bf2 Nf5 34. Qb7 Bg7 35. Bg4 Re8 36.
Bxf5 Rxf5 37. Bd4 Bxd4+ 38. Kh1 Qe7 39. Qb4 Bc5 40. Qc3 Re5 41. h3 Re1 42. Rxe1 Qxe1+ 43. Qxe1 Rxe1+ 44. Kh2 Bg1+ 45. Kh1 Bf2+ 46. Kh2 Bg3# 0-1

[Event "Live Chess"]
[Site "Chess.com"]
[Date "2024.06.02"]
[Round "-"]
[White "80Times"]
[Black "Queensandpawns"]
[Result "0-1"]
[WhiteElo "1894"]
[BlackElo "2269"]
[TimeControl "300"]
[EndTime "1:49:30 PDT"]
[Termination "Queensandpawns won by resignation"]

1. e4 e5 2. Bc4 Nf6 3. d4 exd4 4. Nf3 Nxe4 5. Qxd4 Nf6 6. Nc3 Nc6 7. Qh4 Be7 8. Bg5 O-O 9. O-O-O h6 10. Rhe1 d6 11. Bd3 Nb4 12. Bxh6 Nxd3+ 13. Rxd3 gxh6 14. Qxh6 Nh7 15.
Ne5 Bg5+ 16. Kb1 Bxh6 17. Rg3+ Kh8 0-1

[Event "Live Chess"]
[Site "Chess.com"]
[Date "2024.06.02"]
[Round "-"]
[White "Keithdfg"]
[Black "JanMur7"]
[Result "0-1"]
[WhiteElo "1757"]
[BlackElo "2274"]
[TimeControl "300"]
[EndTime "1:49:44 PDT"]
[Termination "JanMur7 won by resignation"]

1. Nf3 Nf6 2. d4 d5 3. Bf4 e6 4. e3 c5 5. c3 Qb6 6. Qb3 c4 7. Qc2 Be7 8. h3 O-O 9. Nbd2 Bd7 10. g4 Bd6 11. Be5 Bxe5 12. Nxe5 Nc6 13. f4 Nxe5 14. fxe5 Ne8 15. Bg2 f6 16. exf6 Nxf6 17. O-O e5 18. Kh1 e4 19. b3 cxb3 20. axb3 Qc7 21. Rf4 g5 0-1

[Event "Live Chess"]
[Site "Chess.com"]
[Date "2024.06.02"]
[Round "-"]
[White "booktrunk"]
[Black "bonantagulo"]
[Result "0-1"]
[WhiteElo "1513"]
[BlackElo "2227"]
[TimeControl "300"]
[EndTime "1:50:16 PDT"]
[Termination "bonantagulo won by resignation"]

1. d4 Nf6 2. Nc3 d5 3. Bf4 c5 4.
dxc5 e6 5. e3 Bxc5 6. Bb5+ Nc6 7.
Nf3 O-O 8. Ne5 Nxe5 9. Bxe5 a6 10. Be2 Ne4 11. Nxe4 dxe4 12. Qxd8 Rxd8 13. Rd1 Rxd1+ 14. Bxd1 f6 15. Bc7 e5 16. O-O Be6 17. b3 b6 18. Be2 Rc8 19. Bxb6 Bxb6 20. Bxa6 Rxc2 21. Ra1 Ba5 22. a3 Bxb3 23. Rb1 Bd2 24. Rxb3 Rc1+ 25.
Bf1 Ra1 26. g3 h5 27. Kg2 Bc1 28. Bc4+ Kh7 29. Rb8 Rxa3 30. Bg8+ Kh6 31. Bf7 g6 32. Rg8 g5 33. Rg6+ Kh7 34. Rxf6 Kg7 35. Rf5 Ra2 36. Bxh5 Bxe3 37. Bg4 Bd4 38. h4 gxh4 39. gxh4 e3 40. Rg5+ Kh6 41. Kf1 exf2 42. Rh5+ Kg6 43. Rg5+ Kh6 44.
Be2 Ra1+ 45. Kg2 Rg1+ 46. Kh3 f1=Q+ 47. Bxf1 Rxf1 48. Rg8 Rg1 49. Rh8+ Kg6 50. Rg8+ Kf5 51. Rf8+ Ke4 52. h5 Be3 53. Ra8 Bf4 54. Ra4+ Kf5 55.
Ra5 Rg3+ 56. Kh4 Rg2 57. Ra3 Rh2+ 58. Rh3 Rxh3+ 59. Kxh3 Kg5 60. Kg2 Kxh5 61. Kf3 Kg5 62. Ke4 Kf6 63. Kf3 Kf5 64. Kf2 e4 65. Ke2 Be5 66. Ke3 Bd6 67. Ke2 Kf4 68. Kf2 e3+ 69. Ke2 Ke4 70. Kd1 Kf3 71. Ke1 e2 72. Kd2 Kf2 0-1

[Event "Live Chess"]
[Site "Chess.com"]
[Date "2024.06.02"]
[Round "-"]
[White "DavrosLight"]
[Black "MaksymYurii"]
[Result "0-1"]
[WhiteElo "787"]
[BlackElo "1001"]
[TimeControl "300"]
[EndTime "1:50:27 PDT"]
[Termination "MaksymYurii won on time"]

1. e4 Nc6 2. Nf3 e5 3. d4 exd4 4. Nxd4 Nxd4 5. Qxd4 Qe7 6. Bh6 Qb4+ 7. Qxb4 Bxb4+ 8.
Bd2 Bxd2+ 9. Nxd2 Nh6 10. O-O-O O-O 11. Bc4 Re8 12. h3 c6 13. g4 d5 14. exd5 cxd5 15. g5 dxc4 16. gxh6 gxh6 17. Nxc4 Be6 18. Rhg1+ Kh8 19.
Ne5 Bxa2 20. Rde1 Be6 21. h4 a5 22. Re2 a4 23. Rge1 a3 24. Nxf7+ Bxf7 25. bxa3 Rxe2 26. Rxe2 Rxa3 27. Kb2 Ra2+ 28. Kb1 Ra4 29. Re7 Ba2+ 30. Kc1 Rxh4 31. Rxb7 Rh2 32. f4 Rf2 33. Ra7 Bf7 34.
Rxf7 Kg8 35. Rf6 Kg7 36. Rc6 h5 37. c4 h4 38. Rd6 Rxf4 39. Rc6 h3 40. Rc7+ Kg6 41. Rc6+ Kg5 42. Rc7 h5 43. Rg7+ Kh4 44.
c5 Rc4+ 45. Kd2 Rxc5 46. Ke2 Rc4 47. Kf2 Rg4 48. Rxg4+ hxg4 49. Kg1 g3 50. Kh1 Kg4 51. Kg1 h2+ 52. Kh1 Kh4 53. Kg2 h1=Q+ 0-1

[Event "Live Chess"]
[Site "Chess.com"]
[Date "2024.06.02"]
[Round "-"]
[White "Dhaydon19"]
[Black "StoreySniper"]
[Result "0-1"]
[WhiteElo "2628"]
[BlackElo "2512"]
[TimeControl "300"]
[EndTime "1:50:47 PDT"]
[Termination "StoreySniper won by resignation"]

1. d4 g6 2. Nf3 Bg7 3. g3 c5 4. c3 cxd4 5. cxd4 d5 6. Bg2 Nc6 7. O-O e6 8. Nc3 Nge7 9. Bg5 h6 10. Bxe7 Qxe7 11. e3 O-O 12. Rc1 Bd7 13. a3 Rfc8 14. Qe2 a6 15. Rfd1 Na5 16. Nd2 Nc4 17.
Nxc4 Rxc4 18. b3 Rc6 19. Qb2 Bf8 20. b4 Rac8 21. Na4 Rxc1 22. Rxc1 Rxc1+ 23. Qxc1 Bxa4 0-1

[Event "Live Chess"]
[Site "Chess.com"]
[Date "2024.06.02"]
[Round "-"]
[White "Brooms1989"]
[Black "SergiiA"]
[Result "1-0"]
[WhiteElo "1156"]
[BlackElo "1537"]
[TimeControl "300"]
[EndTime "1:50:55 PDT"]
[Termination "Brooms1989 won on time"]

1. e4 c5 2. Be2 a6 3. f4 Nc6 4. Nf3 d6 5. d3 g6 6. O-O Bg7 7. c3 e5 8. Qe1 Nge7 9. Qg3 f5 10. Nbd2 O-O 11. Qh4 h6 12. fxe5 dxe5 13. Nc4 f4 14. g3 g5 15. Qh5 b5 16. Ncd2 Be6 17. gxf4 exf4 18. Kh1 Qd7 19. Rg1 Bf7 20. Qg4 Qxg4 21. Rxg4 Be6 22. Rg1 g4 23. Nh4 f3 24. Ndxf3 gxf3 25. Nxf3 Kh7 26. Be3 c4 27. d4 Bd7 28. e5 Rf7 29. Raf1 Raf8 30. Nd2 Rxf1 31. Rxf1 Rxf1+ 32. Bxf1 Nf5 33. Bf2 Nce7 34. Ne4 Bc6 35. Bg2 Nd5 36. Kg1 Nde3 37. Bxe3 Nxe3 38. Nf6+ Bxf6 39. Bxc6 Be7 40.
Kf2 Nd1+ 41. Kf3 Nxb2 42. d5 Na4 43. d6 Bd8 44. e6 Kg7 45. e7 Bxe7 46. dxe7 Kf6 47.
e8=Q Kg5 48. Qf8 Kg6 49. Qg8+ 1-0

[Event "Live Chess"]
[Site "Chess.com"]
[Date "2024.06.02"]
[Round "-"]
[White "ameetghasi100"]
[Black "Zhevzh1k7"]
[Result "1-0"]
[WhiteElo "2792"]
[BlackElo "1097"]
[TimeControl "300"]
[EndTime "1:51:10 PDT"]
[Termination "ameetghasi100 won by checkmate"]

1. e4 c6 2. Nc3 d5 3. d4 dxe4 4. Nge2 Bf5 5. Ng3 Bg6 6. Be3 Nf6 7. Be2 Nbd7 8. h4 h6 9. h5 Bh7 10. Qd2 e6 11. O-O-O Bb4 12. a3 Ba5 13. Kb1 O-O 14. Qc1 Bxc3 15. bxc3 Qb6+ 16. Qb2 Qxb2+ 17. Kxb2 a5 18.
c4 a4 19. Kc3 b6 20. Rb1 Rab8 21. Rb2 c5 22. Rhb1 cxd4+ 23. Bxd4 Nd5+ 24. cxd5 exd5 25. Nf1 Rfc8+ 26. Kd2 Bf5 27. Ne3 Be6 28. c3 f5 29.
Rb4 f4 30. R1b2 fxe3+ 31. Kxe3 Kf7 32. Rxa4 b5 33. Rxb5 Rxb5 34. Bxb5 Nc5 35. Ra7+ Kf8 36. Bxg7+ Kg8 37. Bxh6 Rb8 38. a4 Nb7 39. Bf4 Rc8 40.
Rxb7 Rxc3+ 41. Kd4 Rd3+ 42. Bxd3 exd3 43. Bd2 Kf8 44. Rb6 Bd7 45. h6 Kg8 46. a5 Be8 47. a6 Kh7 48. g4 Bg6 49. g5 Kg8 50. a7 Kf7 51. Rf6+ Ke7 52. a8=Q Kd7 53. Qa7+ Kc8 54. Rf8+ Be8 55. Rxe8# 1-0

[Event "Live Chess"]
[Site "Chess.com"]
[Date "2024.06.02"]
[Round "-"]
[White "elis06"]
[Black "KeithArkell"]
[Result "0-1"]
[WhiteElo "2135"]
[BlackElo "2400"]
[TimeControl "300"]
[EndTime "1:51:37 PDT"]
[Termination "KeithArkell won by checkmate"]

1. e4 c6 2. d4 d5 3. exd5 cxd5 4. Bd3 Nf6 5. c3 Nc6 6. h3 g6 7. Nf3 Bf5 8. O-O Bxd3 9. Qxd3 Bg7 10. Bf4 O-O 11.
Nbd2 a6 12. Rfe1 b5 13. Ne5 Nxe5 14. Bxe5 e6 15. a4 Qb6 16. axb5 Qxb5 17. Qxb5 axb5 18. Nb3 Nd7 19. Bd6 Rfc8 20. Nc5 Nxc5 21. Bxc5 Bf6 22. b4 g5 23. Kf1 Kg7 24. Ke2 Kg6 25. Kd3 h5 26. Kc2 h4 27. Kb3 Kf5 28. Ra2 Rxa2 29.
Kxa2 Ra8+ 30. Kb2 g4 31. hxg4+ Kxg4 32. Bd6 Kf5 33. g3 h3 34. f3 Rh8 35. Rh1 e5 36. dxe5 Bxe5 37. Bxe5 Kxe5 38. Rh2 f5 39. Kc2 f4 40. g4 Kf6 41. Kd3 Kg5 42. Ke2 Kh4 43. Kf2 Ra8 44. Rh1 Ra2+ 45. Kg1 Kg3 46. g5 Ra1# 0-1

[Event "Live Chess"]
[Site "Chess.com"]
[Date "2024.06.02"]
[Round "-"]
[White "EdenHazard8"]
[Black "TJ-W"]
[Result "1-0"]
[WhiteElo "2201"]
[BlackElo "1571"]
[TimeControl "300"]
[EndTime "1:51:40 PDT"]
[Termination "EdenHazard8 won by resignation"]

1. e4 e5 2. Nf3 Nc6 3. Bc4 Nf6 4.
Ng5 d5 5. exd5 Na5 6. Bb5+ c6 7. dxc6 bxc6 8. Bd3 Bc5 9. O-O O-O 10. Nc3 h6 11. Nf3 Ng4 12. h3 Nxf2 13. Rxf2 Bxf2+ 14. Kxf2 Re8 15. Kg1 f5 16. Bf1 e4 17.
Nh2 Qb6+ 18. Kh1 Ba6 19. Bxa6 Qxa6 20. Qf1 Qxf1+ 21. Nxf1 Nc4 22. d3 exd3 23. cxd3 Ne5 24. d4 Nc4 25. b3 Nd6 26. Bf4 Ne4 27. Nxe4 Rxe4 28. Be5 Rd8 29. Ng3 Rxe5 30. dxe5 f4 31. Nf5 Re8 32. Re1 g6 33. Nxh6+ Kg7 34. Ng4 g5 35. e6 Kg6 36. Re5 Kh5 37. Nf6+ 1-0

[Event "Live Chess"]
[Site "Chess.com"]
[Date "2024.06.02"]
[Round "-"]
[White "Crowded_House"]
[Black "upoe610"]
[Result "1-0"]
[WhiteElo "1683"]
[BlackElo "2179"]
[TimeControl "300"]
[EndTime "1:51:48 PDT"]
[Termination "Crowded_House won by resignation"]

1. d4 Nf6 2. Bg5 c5 3. Bxf6 gxf6 4. dxc5 e6 5. b4 a5 6. c3 f5 7. Nd2 axb4 8. cxb4 Bg7 9. Rb1 Rxa2 10. e3 Nc6 11.
Bd3 Bc3 12. Nf3 Nxb4 13. Bc4 Ra8 14. O-O d5 15. Bb5+ Bd7 16. Bxd7+ Qxd7 17. Qb3 Bxd2 18.
Nxd2 Nc6 19. Qxb7 Qxb7 20. Rxb7 O-O 21. Rfb1 Ne5 22. f4 Ng4 23. R7b3 Rfc8 24. h3 Nf6 25. Rb5 Ra2 26. Nf3 Ne4 27. Nd4 Nc3 28. Rb8 Rxb8 29.
Rxb8+ Kg7 30. c6 Ra1+ 31. Kh2 Rc1 32. c7 Ne2 33. c8=Q Rxc8 34. Rxc8 1-0